 Dungeon Crawl Stone Soup version 0.21-a0-528-gf531e82 (webtiles) character file.

588 Firecrotchwizard the Sneak (level 7, -1/51 HPs)
             Began as a Gnoll Enchanter on Dec 8, 2017.
             Slain by an orc wizard
             ... wielding a +0 whip
              (8 damage)
             ... on level 4 of the Dungeon.
             The game lasted 00:12:52 (4244 turns).

Firecrotchwizard the Sneak (Gnoll Enchanter)        Turns: 4244, Time: 00:12:52

Health: -1/51      AC:  4    Str: 11    XL:     7   Next: 38%
Magic:  5/15       EV: 14    Int: 19    God:
Gold:   102        SH:  0    Dex: 15    Spells: 5/17 levels left

rFire    . . .     SeeInvis .   n - +2 dagger (vamp) {!w}
rCold    . . .     Gourm    .   (no shield)
rNeg     . . .     Faith    .   i - +0 leather armour
rPois    .         Spirit   .   (no helmet)
rElec    .         Reflect  .   o - scarf {repulsion}
rCorr    .         Harm     .   (no gloves)
MR       .....                  y - +0 pair of boots "Qaqai" {Stlth+}
Stlth    ++++......             (no amulet)
HPRegen  0.17/turn              f - ring of wizardry {Wiz+, !d}
MPRegen  0.14/turn              (no ring)

@: repel missiles
A: distributed training, fangs 1, strong nose
a: no special abilities


You were on level 4 of the Dungeon.
You were not hungry.

You visited 1 branch of the dungeon, and saw 4 of its levels.

You collected 102 gold pieces.

Inventory:

Hand Weapons
 a - a +1 dagger
 n - a +2 vampiric dagger (weapon) {!w}
   (You took it off an orc wizard on level 4 of the Dungeon)
Armour
 h - a +1 pair of boots
   (You found it on level 1 of the Dungeon)
 i - a +0 leather armour (worn)
   (You found it on level 1 of the Dungeon)
 o - a scarf of repulsion (worn)
   (You found it on level 2 of the Dungeon)
 q - a +10 plate armour of ponderousness
   (You found it on level 2 of the Dungeon)
 y - the +0 pair of boots "Qaqai" (worn) {Stlth+}
   (You found it on level 4 of the Dungeon)

   It makes you more stealthy.
 B - a +0 pair of gloves
   (You found it on level 4 of the Dungeon)
Jewellery
 f - a ring of wizardry (left hand) {Wiz+, !d}
   (You took it off a goblin on level 2 of the Dungeon)
Scrolls
 l - a scroll of magic mapping {unknown}
 m - 2 scrolls of enchant weapon {unknown}
 p - a scroll of enchant armour {unknown}
 s - 3 scrolls of identify {unknown}
 t - a scroll of amnesia {unknown}
 x - a scroll of remove curse {unknown}
Potions
 b - 3 potions of might {unknown}
 e - 2 potions of agility {unknown}
 g - 3 potions of mutation {unknown}
 j - 2 potions of brilliance {unknown}
 k - a potion of curing {unknown}
 r - a potion of heal wounds {unknown}
 u - a potion of degeneration {unknown}
 v - a potion of ambrosia {unknown}
 w - a potion of cancellation {unknown}
Books
 c - a book of Maledictions
Comestibles
 d - 3 bread rations {@e1}
 z - 6 chunks of flesh {@w0}
 A - a royal jelly


   Skills:
 + Level 2.4 Fighting
 + Level 3.5 Short Blades
 + Level 2.4 Long Blades
 + Level 2.4 Axes
 + Level 2.4 Maces & Flails
 + Level 2.4 Polearms
 + Level 2.4 Staves
 + Level 2.4 Slings
 + Level 2.4 Bows
 + Level 2.4 Crossbows
 + Level 2.4 Throwing
 + Level 2.4 Armour
 + Level 5.2 Dodging
 + Level 6.5 Stealth
 + Level 2.4 Shields
 + Level 2.4 Unarmed Combat
 + Level 5.6 Spellcasting
 + Level 2.0 Conjurations
 + Level 5.8 Hexes
 + Level 2.0 Charms
 + Level 2.0 Summonings
 + Level 2.0 Necromancy
 + Level 2.0 Translocations
 + Level 2.0 Transmutations
 + Level 2.0 Fire Magic
 + Level 2.0 Ice Magic
 + Level 2.0 Air Magic
 + Level 2.0 Earth Magic
 + Level 2.0 Poison Magic
 + Level 2.6 Invocations
 + Level 2.4 Evocations


You had 5 spell levels left.
You knew the following spells:

 Your Spells              Type           Power        Failure   Level  Hunger
a - Ensorcelled Hibernat  Hex/Ice        ###...       1%          2    None
b - Tukima's Dance        Hex            ####....     1%          3    ##.....
c - Confuse               Hex            ####....     1%          3    ##.....
d - Dazzling Spray        Conj/Hex       ###...       3%          3    ##.....
v - Corona                Hex            ####...      1%          1    None


Dungeon Overview and Level Annotations

Branches:
Dungeon (4/15)
 Temple: D:4-7

Altars:
Kikubaaqudgha
Makhleb
Qazlal
Trog
Wu Jian
Yredelemnul
The Shining One

Annotations:
D:3 Robin


Innate Abilities, Weirdness & Mutations

Your experience applies equally to all skills.
You have very sharp teeth.
Your uncanny sense of smell can sniff out nearby items.


Message History

The orc hits you with a flail!
You take 7 damage, and have 27/51 hp.
You now have 13/15 mp.
Aim: an orc priest, wielding a mace and wearing a leather armour (chance to defeat MR: 50%)
The orc priest looks drowsy...
The orc wizard misses you. The orc barely misses you.
A giant cockroach comes into view.
You now have 11/15 mp.
The helpless orc priest fails to defend itself.
You impale the orc priest!!
You feel better.
You kill the orc priest!
Your Conjurations skill increases to level 2!
Your Charms skill increases to level 2!
Your Summonings skill increases to level 2!
Your Necromancy skill increases to level 2!
Your Translocations skill increases to level 2!
Your Transmutations skill increases to level 2!
Your Fire Magic skill increases to level 2!
Your Ice Magic skill increases to level 2!
Your Air Magic skill increases to level 2!
Your Earth Magic skill increases to level 2!
Your Poison Magic skill increases to level 2!
The orc wizard casts a spell at you.
The puff of flame is repelled.
You regained 13 hp, and now have 40/51 hp.
Aim: an orc wizard, wielding a whip and wearing a robe (chance to defeat MR: 50%)
The orc wizard resists with some effort.
The orc closely misses you.
The orc wizard hits you but does no damage.
You now have 9/15 mp.
Aim: an orc wizard, wielding a whip and wearing a robe (chance to defeat MR: 50%)
The orc wizard resists with some effort.
The orc barely misses you. The orc wizard hits you with a whip!
You take 7 damage, and have 34/51 hp.
You now have 7/15 mp.
Aim: an orc wizard, wielding a whip and wearing a robe (chance to defeat MR: 50%)
The orc wizard resists with some effort.
The orc wizard points at you and mumbles some strange words.
You are confused.
The orc misses you.
You now have 5/15 mp.
You bump into the rock wall.
The orc wizard hits you with a whip. The orc misses you.
You take 3 damage, and have 31/51 hp.
The orc wizard gestures at you while chanting.
The magic dart hits you!
You take 5 damage, and have 26/51 hp.
You bump into the rock wall.
The giant cockroach bites you but does no damage.
The orc wizard casts a spell.
The orc wizard flickers and vanishes!
Deactivating autopickup; reactivate with Ctrl-A.
The giant cockroach completely misses you.
You bump into the rock wall.
You feel less confused.
The giant cockroach completely misses you.
You hit the orc. The giant cockroach barely misses you.
You miss something. The giant cockroach closely misses you.
The orc barely misses you.
You hit something but do no damage.
You hear some strange, mumbled words.
A magic dart appears from out of thin air!
The magic dart hits you! The giant cockroach barely misses you.
The orc misses you.
You take 6 damage, and have 21/51 hp.
You hit something.
The giant cockroach bites you but does no damage.
Something hits you but does no damage.
You hit the orc but do no damage. The orc barely misses you.
The giant cockroach closely misses you. Something hits you.
You take 1 damage, and have 21/51 hp.
You hit the orc but do no damage.
The giant cockroach bites you but does no damage.
Something completely misses you. The orc barely misses you.
You barely miss the orc. The giant cockroach closely misses you.
Something hits you.
You take 5 damage, and have 16/51 hp.
You completely miss the orc. The orc hits you with a flail!
* * * LOW HITPOINT WARNING * * *
The giant cockroach bites you but does no damage.
You take 8 damage, and have 8/51 hp.
You hit the orc but do no damage. You bite the orc, but do no damage.
Something hits you but does no damage.
The giant cockroach bites you but does no damage.
The orc misses you.
You barely miss the orc. The giant cockroach misses you.
Something barely misses you.
You hit the orc. The orc hits you with a flail.
* * * LOW HITPOINT WARNING * * *
The giant cockroach bites you but does no damage.
You hear some strange, mumbled words.
Something tries to affect you, but you resist.
You take 3 damage, and have 5/51 hp.
You hit the orc.
You feel better.
You kill the orc!
The giant cockroach waves its antennae.
The giant cockroach misses you. Something hits you but does no damage.
You regained 2 hp, and now have 7/51 hp.
The spray of energy hits the giant cockroach.
You kill the giant cockroach!
Something hits you!
You die...

.###....##.#.#...................
.# #.##.##.....##........###...##
.# #.##.####...##.##.....# #.....
.# #.....................# #...##
###............#.##.#.####.##
#..####..................# #..#
#..##...#####.######## #..#
#..##...............)) #[.#
#..##@)..>....########
#..####..##†{########
.............# ......).)..#
#####..##.## ∆ #..##.# #.. #.#
... #.# ._.. ..#


There were no monsters in sight!

Vanquished Creatures
  An ogre (D:4)
  A scorpion (D:4)
  3 hounds (D:4)
  An orc priest (D:4)
  An orc wizard (D:4)
  Natasha (twice) (D:2)
  A worker ant (D:2)
  4 adders
  3 gnolls (D:2)
  An ooze (D:3)
  2 worms
  3 dart slugs (D:1)
  13 orcs
  4 giant cockroaches
  11 hobgoblins
  11 jackals
  7 kobolds
  A quokka (D:3)
  6 bats
  5 frilled lizards
  8 goblins
  7 rats
96 creatures vanquished.

Vanquished Creatures (collateral kills)
  An ogre (D:4)
1 creature vanquished.

Grand Total: 97 creatures vanquished

Notes
Turn   | Place    | Note
-------+----------+-------------------------------------------
     0 | D:1      | Firecrotchwizard the Gnoll Enchanter began the quest for the Orb.
     0 | D:1      | Reached XP level 1. HP: 13/13 MP: 6/6
   240 | D:1      | Reached XP level 2. HP: 16/19 MP: 7/7
   334 | D:1      | Learned a level 2 spell: Ensorcelled Hibernation
   876 | D:1      | Reached XP level 3. HP: 25/25 MP: 9/9
   894 | D:2      | Noticed Natasha
   904 | D:2      | Reached skill level 5 in Spellcasting
  1084 | D:2      | Reached skill level 6 in Stealth
  1092 | D:2      | Killed Natasha
  1092 | D:2      | Reached skill level 1 in Fighting
  1092 | D:2      | Reached skill level 1 in Long Blades
  1092 | D:2      | Reached skill level 1 in Axes
  1092 | D:2      | Reached skill level 1 in Maces & Flails
  1092 | D:2      | Reached skill level 1 in Polearms
  1092 | D:2      | Reached skill level 1 in Staves
  1092 | D:2      | Reached skill level 1 in Slings
  1092 | D:2      | Reached skill level 1 in Bows
  1092 | D:2      | Reached skill level 1 in Crossbows
  1092 | D:2      | Reached skill level 1 in Throwing
  1092 | D:2      | Reached skill level 1 in Armour
  1092 | D:2      | Reached skill level 1 in Shields
  1092 | D:2      | Reached skill level 1 in Unarmed Combat
  1092 | D:2      | Reached skill level 1 in Invocations
  1092 | D:2      | Reached skill level 1 in Evocations
  1092 | D:2      | Reached XP level 4. HP: 18/32 MP: 6/11
  1620 | D:2      | Reached skill level 1 in Conjurations
  1620 | D:2      | Reached skill level 1 in Charms
  1620 | D:2      | Reached skill level 1 in Summonings
  1620 | D:2      | Reached skill level 1 in Necromancy
  1620 | D:2      | Reached skill level 1 in Translocations
  1620 | D:2      | Reached skill level 1 in Transmutations
  1620 | D:2      | Reached skill level 1 in Fire Magic
  1620 | D:2      | Reached skill level 1 in Ice Magic
  1620 | D:2      | Reached skill level 1 in Air Magic
  1620 | D:2      | Reached skill level 1 in Earth Magic
  1620 | D:2      | Reached skill level 1 in Poison Magic
  1797 | D:2      | Learned a level 3 spell: Confuse
  1801 | D:2      | Learned a level 3 spell: Tukima's Dance
  1805 | D:2      | Learned a level 3 spell: Dazzling Spray
  2007 | D:2      | Reached XP level 5. HP: 37/37 MP: 12/12
  2146 | D:2      | Noticed Natasha
  2153 | D:2      | Killed Natasha
  2153 | D:2      | Reached skill level 3 in Short Blades
  2185 | D:3      | Found a basalt altar of Yredelemnul.
  2547 | D:3      | Found an ornate altar of the Wu Jian Council.
  2713 | D:3      | Found a glowing golden altar of the Shining One.
  2937 | D:3      | Found an ancient bone altar of Kikubaaqudgha.
  2939 | D:3      | Found a bloodstained altar of Trog.
  3066 | D:3      | Noticed Robin
  3201 | D:3      | Reached XP level 6. HP: 44/44 MP: 13/13
  3351 | D:4      | Reached skill level 2 in Invocations
  3373 | D:4      | Reached skill level 2 in Fighting
  3373 | D:4      | Reached skill level 2 in Long Blades
  3373 | D:4      | Reached skill level 2 in Axes
  3373 | D:4      | Reached skill level 2 in Maces & Flails
  3373 | D:4      | Reached skill level 2 in Polearms
  3373 | D:4      | Reached skill level 2 in Staves
  3373 | D:4      | Reached skill level 2 in Slings
  3373 | D:4      | Reached skill level 2 in Bows
  3373 | D:4      | Reached skill level 2 in Crossbows
  3373 | D:4      | Reached skill level 2 in Throwing
  3373 | D:4      | Reached skill level 2 in Armour
  3373 | D:4      | Reached skill level 5 in Dodging
  3373 | D:4      | Reached skill level 2 in Shields
  3373 | D:4      | Reached skill level 2 in Unarmed Combat
  3373 | D:4      | Reached skill level 2 in Evocations
  3673 | D:4      | Got a pair of smoking boots
  3684 | D:4      | Identified the +0 pair of boots "Qaqai" {Stlth+} (You found it on level 4 of the Dungeon)
  3865 | D:4      | Reached XP level 7. HP: 50/50 MP: 15/15
  4098 | D:4      | Found a stormy altar of Qazlal.
  4213 | D:4      | Found a burning altar of Makhleb.
  4222 | D:4      | Reached skill level 2 in Conjurations
  4222 | D:4      | Reached skill level 2 in Charms
  4222 | D:4      | Reached skill level 2 in Summonings
  4222 | D:4      | Reached skill level 2 in Necromancy
  4222 | D:4      | Reached skill level 2 in Translocations
  4222 | D:4      | Reached skill level 2 in Transmutations
  4222 | D:4      | Reached skill level 2 in Fire Magic
  4222 | D:4      | Reached skill level 2 in Ice Magic
  4222 | D:4      | Reached skill level 2 in Air Magic
  4222 | D:4      | Reached skill level 2 in Earth Magic
  4222 | D:4      | Reached skill level 2 in Poison Magic
  4239 | D:4      | HP: 8/51 [orc/flail (8)]
  4244 | D:4      | Slain by an orc wizard

Vault maps used:
D:1:      eino_arrival_cavern_d, corexii_corridor_pit
D:2:      uniq_natasha
D:3:      tso_metal_star, lemuel_crystal_altar, lemuel_crystal_altar,
          minitemple, uniq_robin
D:4:      lemuel_crystal_altar, first_bread, bloody_makhleb

Skill      XL: |  1  2  3  4  5  6  7 |
---------------+----------------------+-----
Spellcasting   | 5 |  5.6
Stealth        | 6 |  6.5
Fighting       | 1 2 |  2.4
Long Blades    | 1 2 |  2.4
Axes           | 1 2 |  2.4
Maces & Flails | 1 2 |  2.4
Polearms       | 1 2 |  2.4
Staves         | 1 2 |  2.4
Slings         | 1 2 |  2.4
Bows           | 1 2 |  2.4
Crossbows      | 1 2 |  2.4
Throwing       | 1 2 |  2.4
Armour         | 1 2 |  2.4
Shields        | 1 2 |  2.4
Unarmed Combat | 1 2 |  2.4
Invocations    | 1 2 |  2.6
Evocations     | 1 2 |  2.4
Conjurations   | 1 2 |  2.0
Charms         | 1 2 |  2.0
Summonings     | 1 2 |  2.0
Necromancy     | 1 2 |  2.0
Translocations | 1 2 |  2.0
Transmutations | 1 2 |  2.0
Fire Magic     | 1 2 |  2.0
Ice Magic      | 1 2 |  2.0
Air Magic      | 1 2 |  2.0
Earth Magic    | 1 2 |  2.0
Poison Magic   | 1 2 |  2.0
Short Blades   | 3 |  3.5
Dodging        | 5 |  5.2
Hexes          | |  5.8

Action                   |  1- 3 |  4- 6 |  7- 9 || total
-------------------------+-------+-------+-------++-------
Melee: Dagger            |    98 |   189 |    52 ||   339
       Bite              |     6 |    18 |     3 ||    27
       Punch             |     1 |     1 |       ||     2
 Cast: Corona            |     1 |       |       ||     1
       Ensorcelled Hiber |     4 |     9 |     9 ||    22
       Dazzling Spray    |       |     4 |     1 ||     5
       Confuse           |       |     2 |       ||     2
       Tukima's Dance    |       |     2 |       ||     2
 Stab: Sleeping          |     5 |    20 |     5 ||    30
       Distracted        |       |     2 |       ||     2
       Invisible         |       |     3 |       ||     3
       Confused          |       |     1 |       ||     1
  Eat: Chunk             |     1 |     9 |       ||    10
       Meat ration       |       |     1 |       ||     1
       Royal jelly       |       |     1 |       ||     1
Armor: Robe              |    14 |       |       ||    14
       Leather armour    |     7 |    20 |    21 ||    48
Dodge: Dodged            |    57 |   101 |    44 ||   202
       Deflected         |       |     2 |     1 ||     3

Table legend:
 A = Spawn XP
 B = Non-spawn XP
 C = Spawn XP percentage of total XP
 D = Spawn monster count
 E = Non-spawn monster count
 F = Spawn count percentage of total count
 G = Total turns spent on level
                    A         B        C        D         E        F      G
               +---------+---------+-------+---------+---------+-------+---------
         Total |       0 |     841 |   0.0 |       0 |      97 |   0.0 |  4244
               +---------+---------+-------+---------+---------+-------+---------
           D:1 |       0 |      35 |   0.0 |       0 |      18 |   0.0 |   886
           D:2 |       0 |     201 |   0.0 |       0 |      28 |   0.0 |  1277
           D:3 |       0 |      71 |   0.0 |       0 |      23 |   0.0 |  1087
           D:4 |       0 |     534 |   0.0 |       0 |      28 |   0.0 |   994
               +---------+---------+-------+---------+---------+-------+---------

Vault maps used:
D:1:      eino_arrival_cavern_d, corexii_corridor_pit
D:2:      uniq_natasha
D:3:      tso_metal_star, lemuel_crystal_altar, lemuel_crystal_altar,
          minitemple, uniq_robin
D:4:      lemuel_crystal_altar, first_bread, bloody_makhleb

Table legend:
 A = Turns spent in this place as a percentage of turns spent in the entire game.
 B = Non-inter-level travel turns spent in this place as a percentage of non-inter-level travel turns spent in the entire game.
 C = Inter-level travel turns spent in this place as a percentage of turns spent in this place.
 D = Turns resting spent in this place as a percentage of non-inter-level travel turns spent in this place.
 E = Turns spent auto-exploring this place as a percentage of non-inter-level travel turns spent in this place.
 F = Non-inter-level travel turns spent in this place divided by the number of levels of this place that you've seen.
                   A       B       C       D       E      F
               +-------+-------+-------+-------+-------+----------------------
         Total | 100.0 | 100.0 |   0.3 |  32.4 |  45.1 | 1058.2
       Dungeon | 100.0 | 100.0 |   0.3 |  32.4 |  45.1 | 1058.2
               +-------+-------+-------+-------+-------+----------------------

Table legend:
 A = Kills in this place as a percentage of kills in entire the game.
 B = Kills by you in this place as a percentage of kills by you in the entire game.
 C = Kills by friends in this place as a percentage of kills by friends in the entire game.
 D = Other kills in this place as a percentage of other kills in the entire game.
 E = Experience gained in this place as a percentage of experience gained in the entire game.
 F = Experience gained in this place divided by the number of levels of this place that you have seen.
                   A       B       C       D       E      F
               +-------+-------+-------+-------+-------+----------------------
         Total | 100.0 | 100.0 | 100.0 |   N/A | 100.0 | 210.2
       Dungeon | 100.0 | 100.0 | 100.0 |   N/A | 100.0 | 210.2
               +-------+-------+-------+-------+-------+----------------------
